 Dungeon Crawl Stone Soup version 0.25.0-11-g1f837a76a1 (webtiles) character file.

Game seed: 11079530171782387947

1099 fritzmikael the Skirmisher (level 8, -1/64 HPs)
             Began as a Mummy Fire Elementalist on June 23, 2020.
             Slain by an iguana (11 damage)
             ... on level 5 of the Dungeon on June 26, 2020.
             The game lasted 00:33:49 (8286 turns).

fritzmikael the Skirmisher (MuFE)                   Turns: 8286, Time: 00:33:50

Health: -1/64      AC:  4    Str: 11    XL:     8   Next: 10%
Magic:  11/13      EV: 12    Int: 16    God:
Gold:   185        SH:  0    Dex: 13    Spells: 6/14 levels left

rFire    x . .     SeeInvis .   j - +0 hunting sling
rCold    + . .     Gourm    .   (no shield)
rNeg     + + +     Faith    .   a - +0 robe
rPois    ∞         Spirit   .   d - +1 helmet
rElec    .         Reflect  .   (no cloak)
rCorr    .         Harm     .   (no gloves)
MR       +....                  (no boots)
Stlth    ++........             (no amulet)
HPRegen  0.20/turn              (no ring)
MPRegen  0.13/turn              (no ring)

@: no status effects
A: no food or potions, fire vulnerability, cold resistance 1, negative energy
resistance 3, torment resistance, unbreathing
a: no special abilities


You were on level 5 of the Dungeon.
You were not hungry.

You visited 1 branch of the dungeon, and saw 6 of its levels.

You collected 339 gold pieces.
You spent 154 gold pieces at shops.

Inventory:

Hand Weapons
 j - a +0 hunting sling (weapon)
Missiles
 f - 20 poisoned darts
 k - 67 sling bullets (quivered)
Armour
 a - a +0 robe (worn)
 d - a +1 helmet (worn)
Wands
 m - a wand of flame (18)
Scrolls
 b - a scroll of fog {unknown}
 c - 3 scrolls of identify
 e - a scroll of random uselessness {unknown}
 g - 2 scrolls of teleportation
 h - 2 scrolls of remove curse {unknown}
 i - a scroll of enchant armour {unknown}
 l - a scroll of fear
 n - 2 scrolls of amnesia
 o - a scroll of blinking
 p - a scroll of immolation {unknown}


   Skills:
 * Level 5.7 Fighting
 - Level 1.5 Dodging
 - Level 1.5 Stealth
 + Level 3.6 Spellcasting
 + Level 4.6 Conjurations
 * Level 4.4 Fire Magic


You had 6 spell levels left.
You knew the following spells:

 Your Spells              Type           Power        Failure   Level  Hunger
a - Foxfire               Conj/Fire      ###.         2%          1    N/A
b - Conjure Flame         Conj/Fire      ###.....     9%          3    N/A
c - Sticky Flame          Conj/Fire      ###.....     26%         4    N/A

Your spell library contained the following spells:

 Spells                   Type           Power        Failure   Level  Hunger
 Inner Flame              Hex/Fire       ##......     22%         3    N/A
 Fireball                 Conj/Fire      ###.......   58%         5    N/A

Dungeon Overview and Level Annotations

Branches:
Dungeon (6/15)
 Temple: D:4-7

Altars:
Fedhas
Kikubaaqudgha
Okawaru
Yredelemnul

Shops:
D:4 ?

Annotations:
D:3 exclusion: oklob plant


Innate Abilities, Weirdness & Mutations

You do not eat or drink.
Your flesh is vulnerable to fire.
You are immune to poison.
Your flesh is cold resistant. (rC+)
You are immune to negative energy. (rN+++)
You are immune to unholy pain and torment.
You can survive without breathing.


Message History

A bullfrog comes into view.
The foxfire hits the iguana but does no damage.
The iguana is heavily wounded.
Items here: (( ) † a +0 shortbow; 20 arrows; a sling bullet; a centaur corpse The iguana misses you.
There is a stone staircase leading up here.
The iguana bites you but does no damage.
You climb upwards.
There is a stone staircase leading down here.
Casting: Foxfire (safe; 2% risk of failure)
Confirm with . or Enter, or press ? or * to list all spells.
You conjure some foxfire!
The iguana bites you!
* * * LOW HITPOINT WARNING * * *
The foxfire hits the iguana but does no damage.
The iguana is heavily wounded.
The foxfire hits the iguana but does no damage.
The iguana is heavily wounded.
The iguana bites you!
You die...

#####.............## #...###
................### #.###
.......##...###### #.#
.................# #.#
.......##........# #.#
.......#.........# #.#
.......#.........# #.#
.......#.....###l######.#
.......#.....# #@#......#
....######...###.#.#########
....# ####.......#..#......#
....# #.......##.##.#.####.#
....###.......#####.#.# #.#
....#.............#.#.# #.#
....#.............#.#.# #.#
....#........######.#.# #.#
..........#.........#.####.#


You could see an iguana.

Vanquished Creatures
  Sigmund (D:5)
  An ogre (D:4)
  A centaur (D:6)
  A big kobold (D:5)
  A scorpion (D:5)
  A crimson imp (D:4)
  3 hounds
  4 orc priests (D:4)
  2 orc wizards (D:3)
  3 iguanas
  A worker ant (D:5)
  8 gnolls (D:5)
  A howler monkey skeleton (D:4)
  An adder (D:3)
  3 oozes
  3 worms
  2 dart slugs (D:4)
  3 leopard geckos
  18 orcs
  2 ball pythons
  3 bats
  5 giant cockroaches
  31 hobgoblins
  2 jackals (D:3)
  3 quokkas
  4 frilled lizards
  29 goblins
  4 kobolds
  2 rats (D:2)
143 creatures vanquished.

Vanquished Creatures (collateral kills)
  A frilled lizard (D:1)
  A kobold (D:2)
2 creatures vanquished.

Vanquished Creatures (others)
  562 foxfires
562 creatures vanquished.

Grand Total: 707 creatures vanquished

Notes
Turn   | Place    | Note
-------+----------+-------------------------------------------
     0 | D:1      | fritzmikael the Mummy Fire Elementalist began the quest for
                  | the Orb.
     0 | D:1      | Reached XP level 1. HP: 13/13 MP: 4/4
   218 | D:1      | Reached skill level 1 in Conjurations
   429 | D:1      | Reached XP level 2. HP: 20/20 MP: 2/5
   511 | D:1      | Reached skill level 1 in Fighting
  2114 | D:3      | Found a blossoming altar of Fedhas.
  2160 | D:3      | Noticed an oklob plant
  2197 | D:3      | Found an ancient bone altar of Kikubaaqudgha.
  2215 | D:3      | Reached XP level 3. HP: 24/26 MP: 2/7
  2324 | D:3      | Reached skill level 2 in Fighting
  2916 | D:3      | Reached XP level 4. HP: 33/33 MP: 1/8
  4120 | D:4      | Noticed an ogre
  4126 | D:4      | Killed an ogre
  4126 | D:4      | Reached skill level 3 in Fighting
  4126 | D:4      | Reached XP level 5. HP: 13/41 MP: 3/9
  4334 | D:5      | Entered Level 5 of the Dungeon
  4358 | D:5      | Reached XP level 6. HP: 44/47 MP: 7/10
  4492 | D:5      | Noticed Sigmund
  4503 | D:5      | Killed Sigmund
  4503 | D:5      | Reached skill level 4 in Fighting
  4657 | D:5      | Reached XP level 7. HP: 46/55 MP: 3/11
  4743 | D:5      | Found a basalt altar of Yredelemnul.
  5121 | D:4      | Learned a level 3 spell: Conjure Flame
  5303 | D:4      | Found Qixe's Magic Scroll Shoppe.
  6270 | D:5      | Reached skill level 5 in Fighting
  6391 | D:5      | Upgraded the game from 0.25.0-10-g039870ee82 to
                  | 0.25.0-11-g1f837a76a1
  6510 | D:5      | Learned a level 4 spell: Sticky Flame
  7250 | D:4      | Bought a scroll of fear for 49 gold pieces
  7250 | D:4      | Bought a scroll of blinking for 105 gold pieces
  7776 | D:4      | Reached XP level 8. HP: 47/63 MP: 0/13
  7974 | D:3      | Found an iron altar of Okawaru.
  8286 | D:5      | Slain by an iguana

Illustrated notes

Levels and vault maps discovered:
D:1:      dpeg_arrival_solitude, layout_basic
D:2:      layout_loops_ring, serial_bayou_ford_a, serial_bayou_lake_a
D:3:      layout_rooms, tgw_fedhas, nicolae_overflow_hidden_temple,
          lemuel_doored_altar, portal_sewer_entry_e
D:4:      kennysheep_six_static_rooms, layout_rooms, first_ration, serial_shops,
          nicolae_shop_temple_entry_statues_fountains, minmay_misc_feat_encased
D:5:      minmay_goblin_kobold_castle, layout_basic, yredelemnul_altar_generic,
          uniq_sigmund
D:6:      layout_basic, minmay_temple_entry_mini_moons,
          lightli_ossuary_entry_decrepit_ruins

Skill      XL: |  1  2  3  4  5  6  7 |
---------------+----------------------+-----
Conjurations   | 1 2 3 4 |  4.6
Fighting       | 1 2 3 4 5 |  5.7
Fire Magic     | 3 4 |  4.4
Spellcasting   | 3 |  3.6
Dodging        | |  1.5
Stealth        | |  1.5

Action                   |  1- 3 |  4- 6 |  7- 9 || total
-------------------------+-------+-------+-------++-------
Melee: Unarmed           |    19 |       |       ||    19
 Fire: Hunting sling     |     8 |    10 |    30 ||    48
Throw: Dart              |       |     6 |       ||     6
 Cast: Foxfire           |    69 |    86 |   192 ||   347
  Use: Scroll            |     3 |       |       ||     3
Armor: Robe              |    12 |    11 |    12 ||    35
Dodge: Dodged            |    32 |    18 |    39 ||    89
